 Dungeon Crawl Stone Soup version 0.20-a0-277-g7db01f4 (webtiles) character file.

33 Junicave the Chiller (level 3, 0/21 HPs)
             Began as an Octopode Ice Elementalist on Dec 13, 2016.
             Succumbed to an adder's poison
             ... on level 2 of the Dungeon.
             The game lasted 00:02:36 (760 turns).

Junicave the Chiller (Octopode Ice Elementalist)     Turns: 760, Time: 00:02:37

Health: 0/21       AC:  1    Str:  8    XL:     3   Next: 29%
Magic:  3/6        EV: 19    Int: 17    God:
Gold:   2          SH:  0    Dex: 17    Spells: 6/7 levels left

rFire  . . .     SeeInvis .     e - +0 dagger
rCold  . . .     Gourm    .     (no shield)
rNeg   . . .     Faith    .     (helmet restricted)
rPois  .         Spirit   .     (no amulet)
rElec  .         Reflect  .     (no ring)
rCorr  .         Harm     .     (no ring)
MR     .....                    (no ring)
Stlth  +++++.....               (no ring)
                                (no ring)
                                (no ring)
                                (no ring)
                                (no ring)

@: agile, lethally poisoned (0 -> -4), very slightly contaminated
A: almost no armour, stealthy swim, amphibious, 8 rings, constrict 8, camouflage
1, gelatinous body 1
a: no special abilities


You were on level 2 of the Dungeon.
You were not hungry.

You visited 1 branch of the dungeon, and saw 2 of its levels.

You collected 2 gold pieces.

Inventory:

Hand Weapons
 e - a +0 dagger (weapon)
 j - a +0 dagger
Scrolls
 c - a scroll of immolation {unknown}
 d - a scroll of teleportation {unknown}
 g - a scroll of recharging {unknown}
 i - a scroll of blinking {unknown}
 k - a scroll of magic mapping {unknown}
Books
 a - a book of Frost

   Spells                             Type                      Level
   a - Freeze                         Ice                          1
   b - Throw Frost                    Conjuration/Ice              2
   c - Ozocubu's Armour               Charms/Ice                   3
   d - Throw Icicle                   Conjuration/Ice              4
   e - Summon Ice Beast               Ice/Summoning                4
Comestibles
 b - 2 bread rations
 f - a beef jerky
 h - a royal jelly


   Skills:
 + Level 2.0 Dodging
 + Level 3.2 Stealth
 + Level 0.2 Unarmed Combat
 + Level 2.5 Spellcasting
   Level 1.0 Conjurations
 + Level 3.5 Ice Magic


You had 6 spell levels left.
You knew the following spells:

 Your Spells              Type           Power        Failure   Level  Hunger
a - Freeze                Ice            ##..         4%          1    #......


Dungeon Overview and Level Annotations

Branches:
Dungeon (2/15)

Altars:


Innate Abilities, Weirdness & Mutations

You cannot wear most types of armour.
You are very stealthy in the water. (Stealth+)
You are amphibious.
You can wear up to eight rings at the same time.
You can use your tentacles to constrict eight enemies at once.
Your skin changes colour to match your surroundings (Stealth+).
Your rubbery body absorbs attacks. (AC +1, EV +1)


Message History

Press: ? - help, Shift-Dir - straight line, f/p - bat
Aim: a bat You freeze the bat.
The bat is severely wounded.
The kobold shouts!
The bat closely misses you. The bat closely misses you.
Casting: Freeze
Confirm with . or Enter, or press ? or * to list all spells.
Aiming: Freeze
Press: ? - help, Shift-Dir - straight line, f/p - bat
Aim: a bat (severely wounded)
You freeze the bat.
You kill the bat!
The kobold throws a stone.
The stone closely misses you.
* * * LOW HITPOINT WARNING * * *
You feel sick.
The kobold throws a stone.
The stone closely misses you.
The kobold throws a stone.
The stone closely misses you.
You see here a stone.
You die...

#..##K....##...
#.....†......##
##.#.....?......
...>!......!.###
.##.#........#
....#.....(.##
.........(...##
..............#####
.........@........#...
............##........
...................#..
................##.#
....>..)...........#
......##.#.#######...
#####..#.#.# .#
##.#.#.### . #.......#


There were no monsters in sight!

Vanquished Creatures
  An adder (D:2)
  A dart slug (D:1)
  3 goblins
  2 hobgoblins (D:1)
  4 jackals (D:1)
  4 kobolds (D:1)
  A ball python (D:1)
  3 bats
  3 rats
22 creatures vanquished.

Notes
Turn   | Place    | Note
-------+----------+-------------------------------------------
     0 | D:1      | Junicave the Octopode Ice Elementalist began the quest for the Orb.
     0 | D:1      | Reached XP level 1. HP: 11/11 MP: 3/3
   178 | D:1      | Reached XP level 2. HP: 12/17 MP: 0/5
   748 | D:2      | Reached XP level 3. HP: 6/21 MP: 6/6
   752 | D:2      | HP: 1/21 [poisoned by an adder]
   760 | D:2      | Succumbed to an adder's poison

Vault maps used:
D:1:      dpeg_arrival_rooms_b, st_stairs_8
D:2:      first_bread, makhleb_altar_promises_db, uniq_crazy_yiuf_cottage,
          uniq_iyjb

Skill      XL: |  1 |
---------------+----+-----
Stealth        | 3 |  3.2
Dodging        | |  2.0
Unarmed Combat | |  0.2
Spellcasting   | |  2.5
Conjurations   | |  1.0
Ice Magic      | |  3.5

Action                   || total
-------------------------++-------
Melee: Unarmed           ||     5
       Dagger            ||    31
       Tentacles         ||     6
       Constrict         ||     8
 Cast: Freeze            ||     9
  Use: Potion            ||     1
 Stab: Sleeping          ||     5
Armor: Skin              ||     2
Dodge: Dodged            ||    36
